 Dungeon Crawl Stone Soup version 0.29.0-4-gdea44cf6ec (webtiles) character file.

Game seed: 5331306125870457542

551 qw the Chopper (level 7, 0/41 HPs)
             Began as a Tengu Warper on Aug 28, 2022.
             Slain by a gnoll bouda
             ... wielding a +0 whip
              (4 damage)
             ... on level 5 of the Dungeon.
             The game lasted 00:00:20 (4125 turns).

qw the Chopper (Tengu Warper)                       Turns: 4125, Time: 00:00:20

Health: 0/41       AC:  5    Str: 13    XL:     7   Next: 29%
Magic:  11/11      EV: 15    Int: 13    God:
Gold:   263        SH:  0    Dex: 20    Spells: 10/10 levels left

rFire   . . .      SeeInvis .   Y - +3 hand axe (drain)
rCold   . . .      Faith    .   (no shield)
rNeg    . . .      Spirit   .   e - +0 ring mail
rPois   .          Reflect  .   (helmet restricted)
rElec   .          Harm     .   (no cloak)
rCorr   .          Rampage  .   (no gloves)
Will    .....                   (boots unavailable)
Stlth   +.........              (no amulet)
HPRegen 0.13/turn               n - +6 ring of dexterity
MPRegen 0.12/turn               (no ring)

@: about to teleport, flying quickly and evasively, quick
A: beak, talons 3, nimble flight
a: no special abilities


You were on level 5 of the Dungeon.
You visited 2 branches of the dungeon, and saw 6 of its levels.

You collected 263 gold pieces.


Innate Abilities, Weirdness & Mutations

You have a beak for a mouth.
You have claws for feet.
Your magical nature lets you fly swiftly and evasively.


   Skills:
 - Level 3.1 Fighting
 + Level 7.4 Axes
 - Level 1.0 Throwing
 - Level 1.1 Armour
 - Level 3.8 Dodging
 - Level 2.0 Spellcasting
 - Level 2.4 Translocations


You had 10 spell levels left.
You didn't know any spells.
Your spell library contained the following spells:

 Spells                   Type           Power      Damage    Failure   Level
 Blink                    Tloc           14%        N/A       30%         2
 Gell's Gravitas          Tloc           7%         N/A       52%         3
 Lesser Beckoning         Tloc           7%         N/A       52%         3
 Teleport Other           Tloc           7%         N/A       52%         3
 Manifold Assault         Tloc           7%         N/A       99%         5

Inventory:

Hand Weapons
 b - a +0 morningstar
 Y - a +3 hand axe of draining (weapon)
Missiles
 d - 3 javelins (quivered)
Armour
 e - a +0 ring mail (worn)
Jewellery
 n - a +6 ring of dexterity (left hand)
Scrolls
 a - a scroll of identify
 f - 2 scrolls of teleportation
Potions
 g - a potion of curing
 i - a potion of heal wounds {unknown}
 k - a potion of might {unknown}
 l - a potion of resistance {unknown}

Dungeon Overview and Level Annotations

Branches:
Dungeon (5/15)             Temple (1/1) D:4

Altars:
Cheibriados
Dithmenos
Elyvilon
Fedhas
Gozag
Hepliaklqana
Kikubaaqudgha
Ru
Sif Muna
Trog
Uskayaw
Vehumet

Shops:
D:2 (

Annotations:
D:4 1 runed translucent door, Crazy Yiuf
D:5 Sigmund


Message History

You hit the gnoll. x2; You drain the gnoll.
You kill the gnoll!
You completely miss the adder. The adder misses you.
A puff of flame appears from out of thin air!
The puff of flame misses you.
The gnoll bouda calls upon its god to heal the gnoll.
The gnoll's wounds heal themselves!
The adder closely misses you.
You hit the gnoll. You peck the gnoll, but do no damage.
The gnoll is heavily wounded.
You barely miss the adder. You hit the gnoll.
The gnoll barely misses you. x2; The adder bites you but does no damage.
You slash the gnoll!
You kill the gnoll!
You hit the gnoll. You drain the gnoll. You hit the adder but do no damage.
The gnoll hits you but does no damage. The adder barely misses you.
You barely miss the gnoll. You peck the gnoll, but do no damage.
The gnoll is moderately wounded.
You hit the adder. You drain the adder. You hit the gnoll bouda.
You drain the gnoll bouda. The gnoll hits you with a +0 club.
The adder bites you but does no damage.
A magic dart appears from out of thin air!
The magic dart hits you.
The gnoll bouda hits you with a +0 whip.
4123 ||| READING 3 scrolls of teleportation.
As you read the scroll of teleportation, it crumbles to dust.
You feel strangely unstable. The adder barely misses you.
The gnoll barely misses you. Something hits you.
The gnoll bouda barely misses you.
You hit the gnoll bouda. You claw the gnoll bouda.
The gnoll bouda is severely wounded.
You hit the adder. You drain the adder. You barely miss the gnoll.
The adder closely misses you. The gnoll barely misses you.
The gnoll bouda barely misses you. The adder closely misses you.
You slash the adder!
You kill the adder!
You completely miss the gnoll bouda. You hit the gnoll. You drain the gnoll.
Something hits you. The gnoll misses you.
The gnoll bouda hits you with a +0 whip.
You die...

...........P
.........[.
...........
P .........
.P #......#
P..
.##......#


PP.. ......{..# ..PP. ..../....###...?P #...# .._.P ....# ...P #.... ..PP You
could see a gnoll bouda (very drained) and a gnoll (swift, very drained).

Vanquished Creatures
  Blork the orc (D:4)
  5 scorpions
  2 jellies
  A hound (D:4)
  2 gnolls (D:5)
  4 adders
  A worm (D:3)
  2 dart slugs
  4 bats
  8 endoplasms
  5 hobgoblins
  3 kobolds
  4 quokkas
  5 ball pythons
  2 frilled lizards
  7 goblins
  4 rats
60 creatures vanquished.

Notes
Turn   | Place    | Note
-------+----------+-------------------------------------------
     0 | D:1      | qw the Tengu Warper began the quest for the Orb.
     0 | D:1      | Reached XP level 1. HP: 12/12 MP: 4/4
     0 | D:1      | 0 ||| qw: Version: 0.1-a-89-g26bdef1
     0 | D:1      | 0 ||| qw: Game counter: 1810
     0 | D:1      | 0 ||| qw: Always use a shield: true
     0 | D:1      | 0 ||| qw: God list: Okawaru
     0 | D:1      | 0 ||| qw: Allow faded altars: false
     0 | D:1      | 0 ||| qw: Do Orc after D:15 true
     0 | D:1      | 0 ||| qw: Do second Lair branch before Depths: true
     0 | D:1      | 0 ||| qw: Lair rune preference: random
     0 | D:1      | 0 ||| qw: Plans: Normal
     0 | D:1      | 0 ||| PLANNING D:1-11
   174 | D:1      | Reached XP level 2. HP: 14/17 MP: 6/6
   262 | D:1      | Reached skill level 3 in Axes
   264 | D:1      | 264 ||| DROPPING +0 club.
   448 | D:1      | Found a faded altar of an unknown god.
   450 | D:1      | 450 ||| Stepping ~*~*~tactically~*~*~ (hiding).
   584 | D:1      | 584 ||| Stepping ~*~*~tactically~*~*~ (stealth).
   998 | D:1      | 998 ||| UPGRADING to +6 ring of dexterity.
   999 | D:1      | 999 ||| READING scroll labelled FYAFIMA FOUSOI.
  1000 | D:1      | 1000 ||| READING 2 scrolls labelled BERINT GAICSY.
  1005 | D:1      | 1005 ||| READING scroll labelled YGETIUTAOR.
  1006 | D:1      | 1006 ||| READING scroll labelled FAODWADIRY.
  1007 | D:1      | 1007 ||| READING scroll labelled ZASSUU VIRGHOR.
  1008 | D:1      | 1008 ||| READING scroll labelled ATAG CYRGHUNUH.
  1009 | D:1      | 1009 ||| DROPPING scroll of blinking.
  1151 | D:2      | Found a white marble altar of Elyvilon.
  1179 | D:2      | Found Ihiudyez's Weapon Shoppe.
  1185 | D:2      | Reached XP level 3. HP: 21/21 MP: 7/7
  1190 | D:2      | 1190 ||| READING scroll of enchant weapon.
  1190 | D:2      | 1190 ||| ENCHANTING +1 hand axe.
  1194 | D:2      | 1194 ||| SHOPLISTING +4 mace of protection (332 gold, have
                  | 60).
  1438 | D:2      | 1438 ||| READING scroll of enchant weapon.
  1438 | D:2      | 1438 ||| ENCHANTING +2 hand axe.
  1531 | D:2      | 1531 ||| DROPPING +0 whip.
  1602 | D:2      | Reached skill level 4 in Axes
  1608 | D:2      | 1608 ||| Stepping ~*~*~tactically~*~*~ (stealth).
  1947 | D:2      | 1947 ||| UPGRADING to +0 ring mail.
  1957 | D:2      | 1957 ||| DROPPING +0 leather armour.
  1958 | D:2      | 1958 ||| READING 2 scrolls labelled ZAGOALO QOGE.
  1959 | D:2      | 1959 ||| READING scroll labelled DULYBYN SIMN.
  1960 | D:2      | 1960 ||| DRINKING 2 emerald potions.
  2213 | D:3      | 2213 ||| Stepping ~*~*~tactically~*~*~ (stealth).
  2218 | D:3      | 2218 ||| Stepping ~*~*~tactically~*~*~ (stealth).
  2220 | D:3      | 2220 ||| Stepping ~*~*~tactically~*~*~ (stealth).
  2223 | D:3      | 2223 ||| Stepping ~*~*~tactically~*~*~ (stealth).
  2224 | D:3      | 2224 ||| Stepping ~*~*~tactically~*~*~ (stealth).
  2231 | D:3      | 2231 ||| Stepping ~*~*~tactically~*~*~ (stealth).
  2236 | D:3      | Reached XP level 4. HP: 26/26 MP: 8/8
  2236 | D:3      | 2236 ||| Stepping ~*~*~tactically~*~*~ (stealth).
  2238 | D:3      | 2238 ||| Stepping ~*~*~tactically~*~*~ (stealth).
  2239 | D:3      | 2239 ||| Stepping ~*~*~tactically~*~*~ (stealth).
  2240 | D:3      | 2240 ||| Stepping ~*~*~tactically~*~*~ (stealth).
  2242 | D:3      | 2242 ||| Stepping ~*~*~tactically~*~*~ (stealth).
  2329 | D:3      | 2329 ||| Stepping ~*~*~tactically~*~*~ (hiding).
  2640 | D:3      | Found a shimmering blue altar of Sif Muna.
  2788 | D:3      | 2788 ||| READING scroll labelled WEINYSA MOJAEVE.
  2937 | D:4      | Reached skill level 5 in Axes
  3027 | D:4      | Found a runed translucent door.
  3028 | D:4      | Noticed Crazy Yiuf
  3030 | D:4      | 3030 ||| DROPPING +3 hammer of draining.
  3107 | D:4      | Noticed Blork the orc
  3114 | D:4      | Killed Blork the orc
  3115 | D:4      | Gained mutation: Your magical nature lets you fly swiftly
                  | and evasively. [Tengu growth]
  3115 | D:4      | Reached XP level 5. HP: 15/30 MP: 9/9
  3116 | D:4      | 3116 ||| FLEEEEING.
  3117 | D:4      | 3117 ||| FLEEEEING.
  3118 | D:4      | 3118 ||| FLEEEEING.
  3119 | D:4      | 3119 ||| FLEEEEING.
  3300 | D:4      | Reached skill level 6 in Axes
  3370 | D:4      | 3370 ||| DROPPING +0 flail.
  3646 | D:4      | Reached skill level 3 in Dodging
  3646 | D:4      | Reached XP level 6. HP: 23/35 MP: 10/10
  3807 | D:4      | Found a staircase to the Ecumenical Temple.
  3808 | D:4      | 3808 ||| PLANNING TEMPLE
  3808 | D:4      | 3808 ||| DROPPING amulet of magic regeneration.
  3809 | D:4      | 3809 ||| READING scroll labelled QIPSUI DEUJOCO.
  3810 | D:4      | 3810 ||| DRINKING 2 fizzy orange potions.
  3811 | D:4      | 3811 ||| DROPPING potion of attraction.
  3820 | Temple   | Entered the Ecumenical Temple
  3915 | Temple   | 3915 ||| PLANNING D:1-11
  4042 | D:4      | 4042 ||| READING 4 scrolls of teleportation.
  4107 | D:5      | Entered Level 5 of the Dungeon
  4107 | D:5      | Found a radiant altar of Vehumet.
  4112 | D:5      | Reached skill level 7 in Axes
  4114 | D:5      | Noticed Sigmund
  4115 | D:5      | Reached XP level 7. HP: 23/40 MP: 11/11
  4118 | D:5      | Reached skill level 3 in Fighting
  4122 | D:5      | HP: 10/41 [something/magic dart (3)]
  4123 | D:5      | 4123 ||| READING 3 scrolls of teleportation.
  4125 | D:5      | HP: 4/41 [something (1)]
  4125 | D:5      | Slain by a gnoll bouda

Levels and vault maps discovered:
D:1:      psy_arrival_conway, layout_loops_ring,
          hellmonk_ecumenical_altar_blasted, st_stairs_5, fountainhead,
          minmay_hedge_maze
D:2:      layout_basic, serial_shops, shop, basic_altar
D:3:      layout_loops_ring, amcnicky_altar_gilded
D:4:      layout_loops_cross, minmay_temple_entry_antechambers,
          uniq_blork_the_orc, uniq_crazy_yiuf_cottage
D:5:      layout_gridville, grunt_temple_overflow_order_and_chaos_2,
          mainiacjoe_overflow_catch_the_wave, uniq_sigmund
Temple:   hellmonk_temple_beads

Skill      XL: |  1  2  3  4  5  6  7 |
---------------+----------------------+-----
Axes           | 3 4 5 6 7 |  7.4
Dodging        | 3 |  3.8
Fighting       | 3 |  3.1
Throwing       | |  1.0
Armour         | |  1.1
Spellcasting   | |  2.0
Translocations | |  2.4

Action                   |  1- 3 |  4- 6 |  7- 9 || total
-------------------------+-------+-------+-------++-------
Melee: Hand axe          |    60 |    31 |    10 ||   101
       Kick              |    12 |     7 |     2 ||    21
       Peck              |     9 |     5 |     3 ||    17
       Punch             |       |     1 |       ||     1
Throw: Boomerang         |     7 |       |       ||     7
       Javelin           |     9 |    15 |       ||    24
  Use: Scroll            |    10 |     3 |     1 ||    14
       Potion            |     1 |     1 |       ||     2
Armor: Leather armour    |     9 |       |       ||     9
       Ring mail         |     1 |     7 |     5 ||    13
Dodge: Dodged            |    29 |    10 |    26 ||    65

Table legend:
 A = Non-vault XP
 B = Vault XP
 C = Vault XP percentage of total XP
 D = Non-vault monster count
 E = Vault monster count
 F = Vault count percentage of total count
                 A         B        C        D         E       F
            +---------+---------+-------+---------+---------+-------
      Total |     708 |      94 |  11.7 |      57 |       3 |   5.0
            +---------+---------+-------+---------+---------+-------
        D:1 |      25 |       4 |  13.8 |      13 |       2 |  13.3
        D:2 |      20 |       0 |   0.0 |      14 |       0 |   0.0
        D:3 |      54 |       0 |   0.0 |      14 |       0 |   0.0
        D:4 |     266 |      90 |  25.3 |       9 |       1 |  10.0
        D:5 |     343 |       0 |   0.0 |       7 |       0 |   0.0
            +---------+---------+-------+---------+---------+-------
